 Dungeon Sprint DCSS version 0.29-a0-813-g4a14ea37d6 (webtiles) character file.

Game seed: 18080030000240662313

281034 mhtbhm the Ninja (level 13, 61/61 HPs)
             Began as a Spriggan Enchanter on July 4, 2022.
             Was the Champion of Dithmenos.
             Escaped with the Orb!
             The game lasted 00:22:59 (5285 turns).

mhtbhm the Ninja (Spriggan Enchanter)               Turns: 5285, Time: 00:22:59

Health: 61/61      AC:  3    Str: 10    XL:     13   Next: 2%
Magic:  33/33      EV: 27    Int: 17    God:    Dithmenos [******]
Gold:   2534       SH:  0    Dex: 20    Spells: 4/43 levels left

rFire   + . .      SeeInvis +   a - +2 dagger (drain)
rCold   + . .      Faith    .   (no shield)
rNeg    . . .      Spirit   .   r - +1 robe of the Sun {rPois}
rPois   +          Reflect  .   (helmet restricted)
rElec   .          Harm     .   s - scarf {rC+ rF+}
rCorr   .          Rampage  .   (gloves unavailable)
Will    ++...      NoTele   +   (boots unavailable)
Stlth   +++++++...              (no amulet)
HPRegen 0.20/turn               o - +6 ring of strength
MPRegen 0.23/turn               y - ring of flight

@: flying, hasted (expiring), wreathed by umbra, very quick
A: very small, no large weapons, unfitting armour, see invisible, speed 3
0: Orb of Zot
a: Renounce Religion, Shadow Step, Shadow Form


You escaped.
You worshipped Dithmenos.
Dithmenos was exalted by your worship.
You visited 1 branch You collected 6251 gold pieces.
You spent 3717 gold pieces at shops.

Inventory:

Hand Weapons
 a - a +2 dagger of draining (weapon)
Missiles
 l - 2 curare-tipped darts (quivered)
 n - a throwing net
Armour
 b - a +0 robe of willpower
 r - the +1 robe of the Sun (worn) {rPois}
   (You bought it in a shop in the Dungeon)

   rPois:     It protects you from poison.
 s - a scarf of resistance (worn)
Jewellery
 h - the ring of Life {Drain Int+6 Dex+5}
   (You found it in the Dungeon)

   [ring of intelligence]

   Int:       It affects your intelligence (+6).
   Dex:       It affects your dexterity (+5).
   Drain:     It drains your maximum health when unequipped.
 o - a +6 ring of strength (left hand)
 y - a ring of flight (right hand)
 A - the ring of Brilliance {Fly Will++ MP-9 Str+9 SInv}
   (You found it in the Dungeon)

   [ring of flight]

   Str:       It affects your strength (+9).
   MP:        It affects your magic capacity (-9).
   SInv:      It lets you see invisible.
   Fly:       It grants you flight.
   Will:      It greatly increases your willpower.
 C - a +4 ring of evasion
Wands
 j - a wand of flame (51)
 k - a wand of mindburst (2)
 w - a wand of quicksilver (8)
Scrolls
 i - a scroll of blinking
 t - 2 scrolls of enchant weapon
 v - a scroll of poison
 x - a scroll of vulnerability
Potions
 c - a potion of invisibility
 d - 4 potions of curing
 e - a potion of lignification
 f - 4 potions of haste
 g - a potion of magic
 m - 4 potions of heal wounds
 p - a potion of might
 z - 2 potions of flight
 E - a potion of mutation
Miscellaneous
 q - a condenser vane
 u - a box of beasts
 B - a phantom mirror
 D - a lightning rod (4/4)


   Skills:
 + Level 4.2 Fighting
 + Level 10.5 Short Blades
 + Level 11.9 Dodging
 O Level 27 Stealth
 + Level 15.7 Spellcasting
 + Level 5.5 Conjurations
 + Level 17.7 Hexes
 + Level 3.8 Ice Magic
 * Level 15.0 Invocations
 + Level 7.3 Evocations


You had 4 spell levels left.
You knew the following spells:

 Your Spells              Type           Power      Damage    Failure   Level
a - Ensorcelled Hibernat  Hex/Ice        100%       N/A       1%          2
b - Confusing Touch       Hex            65%        N/A       0%          3
c - Dazzling Flash        Conj/Hex       100%       N/A       1%          3
d - Tukima's Dance        Hex            65%        N/A       0%          3
e - Slow                  Hex            100%       N/A       0%          1
f - Inner Flame           Hex/Fire       43%        N/A       1%          3
g - Cause Fear            Hex            32%        N/A       1%          4
h - Discord               Hex            32%        N/A       22%         8
i - Yara's Violent Unrav  Hex/Tmut       21%        3d10      3%          5
j - Enfeeble              Hex            32%        N/A       2%          7

Your spell library contained the following spells:

 Spells                   Type           Power      Damage    Failure   Level
 Sublimation of Blood     Necr           13%        N/A       7%          2
 Vampiric Draining        Necr           13%        2d6       14%         3
 Petrify                  Tmut/Erth      13%        N/A       43%         4
 Irradiate                Conj/Tmut      11%        3d17      38%         5


Dungeon Overview and Level Annotations

Branches:
Dungeon (1/1)

Altars:
Cheibriados
Dithmenos
Elyvilon
Fedhas
Gozag
Hepliaklqana
Kikubaaqudgha
Makhleb
Nemelex Xobeh
Okawaru
Qazlal
Ru
Sif Muna
Trog
Uskayaw
Vehumet
Wu Jian
Xom
Yredelemnul
Zin
The Shining One
Jiyva
Lugonu

Shops:
D [*=!(:[![!(([?*[(*![:*

Annotations:
D Lom Lobon, Tiamat


Innate Abilities, Weirdness & Mutations

You are very small and have problems with some larger weapons.
You are too small for most types of armour.
You have supernaturally acute eyesight. (SInv)
You cover ground extremely quickly. (Speed+++)


Message History

There is an open door here.
There is an open door here.
There is an open door here.
The daeva shouts!
There is an open door here.
You see here a +0 great sword of flaming.
You see here a +2 great sword of flaming.
Blink to where?
Press: ? - help, Dir - move target
As you read the scroll of blinking, it crumbles to dust.
You pick up the Orb of Zot!
The Orb lets out a hideous shriek!
The lords of Pandemonium are not amused.
Beware!
Now all you have to do is get back out of the dungeon!
You hear a roar!
Something screams, "Scamper hence, thou horrid two-tin-hat quarter-pint!"
Blink to where?
Press: ? - help, Dir - move target
As you read the scroll of blinking, it crumbles to dust.
You see here a +0 great sword of flaming.
You feel yourself speed up.
There is an open door here.
There is an open door here.
There is an open door here.
There is an open door here.
There is an open door here.
There is an open door here.
There is an open door, spattered with blood here.
There is an open door here.
There is an open door here.
Things that are here:
a +0 robe; a +0 scythe
There is an open door here.
You see here a +0 giant club.
There is an open door here.
Your extra speed is starting to run out.
Things that are here:
a +0 leather armour; a +0 dagger
There is an open door here.
There is a staircase leading out of the dungeon here.
You have escaped!

##################
#@.#.['..#.['..#__
#..'..#.)'..#..'..
#..#####'#####'#__
#..####..#...#.###
#..#__####..##.#§§
#..#_____##'#_.'≈≈
#⌠⌠#_.∩...'..._#§§
####_..__##_.#'##'
*,,#_____###'#)#))


There were no monsters in sight!

Vanquished Creatures
  the Lernaean hydra (D)
  A golden dragon (D)
  A deep elf master archer (D)
  A shadow dragon (D)
  4 fire giants (D)
  A deep elf annihilator (D)
  A lorocyproca (D)
  A mummy priest (D)
  A hydra (D)
  2 centaur warriors (D)
  Sonja (D)
  A deep troll (D)
  A lindwurm (D)
  8 shining eyes (D)
  2 oklob plants (D)
  2 merfolk sirens (D)
  2 gargoyles (D)
  4 demonic crawlers (D)
  2 kobold demonologists (D)
  7 unseen horrors (D)
  A hellwing (D)
  5 hornets (D)
  A slime creature (D)
  Sigmund (D)
  A yak (D)
  13 hogs (D)
  2 redbacks (D)
  7 floating eyes (D)
  An ogre (D)
  7 necrophages (D)
  8 jellies (D)
  Ijyb (D)
  A ballistomycete spore (D)
93 creatures vanquished.

Vanquished Creatures (others)
  A ballistomycete spore (D)
1 creature vanquished.

Grand Total: 94 creatures vanquished

Notes
Turn   | Place    | Note
-------+----------+-------------------------------------------
     0 | D        | mhtbhm the Spriggan Enchanter began the quest for the Orb.
     0 | D        | Reached XP level 1. HP: 9/9 MP: 5/5
     1 | D        | Noticed Ijyb
     6 | D        | Killed Ijyb
     7 | D        | Reached skill level 7 in Stealth
     7 | D        | Reached skill level 5 in Hexes
     7 | D        | Reached XP level 2. HP: 13/13 MP: 5/7
     9 | D        | Noticed an ogre
    12 | D        | Killed an ogre
    13 | D        | Reached skill level 10 in Stealth
    13 | D        | Reached XP level 3. HP: 16/16 MP: 6/10
    13 | D        | Reached XP level 4. HP: 21/21 MP: 6/11
    14 | D        | Noticed Sigmund
    17 | D        | Killed Sigmund
    18 | D        | Reached skill level 5 in Dodging
    18 | D        | Reached skill level 12 in Stealth
    18 | D        | Reached XP level 5. HP: 24/24 MP: 6/14
    18 | D        | Reached XP level 6. HP: 28/28 MP: 6/16
    23 | D        | Found a shimmering blue altar of Sif Muna.
    24 | D        | Found an ornate altar of the Wu Jian Council.
    25 | D        | Found a radiant altar of Vehumet.
    39 | D        | Reached skill level 13 in Stealth
    49 | D        | Found Ugymm's Distillery.
    49 | D        | Found an ancient bone altar of Kikubaaqudgha.
    49 | D        | Found a hazy altar of Hepliaklqana.
    49 | D        | Found a stormy altar of Qazlal.
    49 | D        | Found a hide-covered altar of Uskayaw.
    49 | D        | Found a blossoming altar of Fedhas.
    49 | D        | Found a bloodstained altar of Trog.
    49 | D        | Found an iron altar of Okawaru.
    49 | D        | Found a basalt altar of Yredelemnul.
    49 | D        | Found a glowing golden altar of the Shining One.
    49 | D        | Found a snail-covered altar of Cheibriados.
    49 | D        | Found a sacrificial altar of Ru.
    49 | D        | Found a glowing silver altar of Zin.
    49 | D        | Found a shadowy altar of Dithmenos.
    49 | D        | Found a white marble altar of Elyvilon.
    49 | D        | Noticed a yak
    50 | D        | Found an opulent altar of Gozag.
    51 | D        | Killed a yak
    52 | D        | Reached skill level 14 in Stealth
    52 | D        | Reached skill level 10 in Hexes
    52 | D        | Found a sparkling altar of Nemelex Xobeh.
    58 | D        | Became a worshipper of Dithmenos the Shadowed
    67 | D        | Noticed Sonja
    71 | D        | Killed Sonja
    72 | D        | Reached skill level 17 in Stealth
    72 | D        | Reached XP level 7. HP: 23/32 MP: 13/19
    89 | D        | Found Ciejisuc's Antique Armour Boutique.
   103 | D        | Bought an embroidered robe for 92 gold pieces
   162 | D        | Bought a smoking robe for 142 gold pieces
   162 | D        | Identified the +1 robe of Foolhardiness {-Cast +Inv Str+4
                  | Slay+3} (You bought it in a shop in the Dungeon)
   187 | D        | Noticed a deep troll
   191 | D        | Killed a deep troll
   192 | D        | Reached skill level 18 in Stealth
   192 | D        | Reached XP level 8. HP: 36/36 MP: 21/21
   203 | D        | Found Kuzakkae's Armour Emporium.
   245 | D        | Found a burning altar of Makhleb.
   245 | D        | Found a viscous altar of Jiyva.
   245 | D        | Found a shimmering altar of Xom.
   245 | D        | Found a corrupted altar of Lugonu.
   245 | D        | Noticed a slime creature
   248 | D        | Killed a slime creature
   248 | D        | Reached * piety under Dithmenos
   249 | D        | Reached skill level 19 in Stealth
   265 | D        | Learned a level 2 spell: Ensorcelled Hibernation
   269 | D        | Learned a level 3 spell: Confusing Touch
   273 | D        | Learned a level 3 spell: Dazzling Flash
   277 | D        | Learned a level 3 spell: Tukima's Dance
   278 | D        | Noticed a kobold demonologist
   279 | D        | Noticed a kobold demonologist
   281 | D        | Killed a kobold demonologist
   283 | D        | Noticed a rust devil
   283 | D        | Paralysed by a floating eye for 3 turns
   317 | D        | Noticed an orange demon
   321 | D        | Noticed a demonic crawler
   321 | D        | Noticed a demonic crawler
   323 | D        | Killed a kobold demonologist
   324 | D        | Reached skill level 20 in Stealth
   324 | D        | Reached XP level 9. HP: 34/39 MP: 22/22
   326 | D        | Paralysed by a floating eye for 4 turns
   338 | D        | Reached ** piety under Dithmenos
   339 | D        | Reached skill level 5 in Invocations
   383 | D        | Noticed a centaur warrior
   383 | D        | Noticed a centaur warrior
   389 | D        | Killed a centaur warrior
   390 | D        | Reached skill level 21 in Stealth
   392 | D        | Killed a centaur warrior
   393 | D        | Reached skill level 5 in Short Blades
   393 | D        | Reached skill level 5 in Evocations
   416 | D        | Noticed an oklob plant
   418 | D        | Killed an oklob plant
   419 | D        | Reached skill level 1 in Fighting
   419 | D        | Reached skill level 22 in Stealth
   419 | D        | Reached XP level 10. HP: 44/45 MP: 22/24
   425 | D        | Reached *** piety under Dithmenos
   458 | D        | Reached skill level 23 in Stealth
   473 | D        | Reached **** piety under Dithmenos
   699 | D        | Reached ***** piety under Dithmenos
   721 | D        | Reached ****** piety under Dithmenos
   746 | D        | Found Uteeg's Distillery.
   746 | D        | Found Quene's Armour Shop.
   746 | D        | Found Xaloken's Armour Boutique.
   748 | D        | Found Moutrodo's Distillery.
   748 | D        | Found Qaotijarph's Antique Weapon Shop.
   748 | D        | Found Atayraj's Antique Weapon Shoppe.
   748 | D        | Found Qodwam's Armour Boutique.
   748 | D        | Found Vagys's Magic Scroll Emporium.
   748 | D        | Found Dekadgh's General Store.
   748 | D        | Found Neniliuv's Armour Shoppe.
   752 | D        | Found Gocwaurph's Weapon Boutique.
   753 | D        | Found Paok's Distillery.
   753 | D        | Found Pogifozxuut's General Store.
   754 | D        | Found Ruazydgh's Book Emporium.
   757 | D        | Bought a scroll of magic mapping for 45 gold pieces
   765 | D        | Bought a book of Debilitation for 260 gold pieces
   765 | D        | Bought a book of Hexes for 468 gold pieces
   767 | D        | Learned a level 1 spell: Slow
   771 | D        | Learned a level 3 spell: Inner Flame
   776 | D        | Learned a level 4 spell: Cause Fear
   785 | D        | Learned a level 8 spell: Discord
   890 | D        | Reached skill level 10 in Spellcasting
   906 | D        | Noticed a gargoyle
   912 | D        | Killed a gargoyle
   913 | D        | Reached skill level 24 in Stealth
  1482 | D        | Bought a potion of heal wounds for 70 gold pieces
  1482 | D        | Bought a potion of heal wounds for 70 gold pieces
  1482 | D        | Bought a potion of heal wounds for 70 gold pieces
  1672 | D        | Noticed a lindwurm
  1673 | D        | Killed a lindwurm
  1686 | D        | Reached skill level 10 in Dodging
  1686 | D        | Reached skill level 1 in Conjurations
  1691 | D        | Reached XP level 11. HP: 50/50 MP: 26/26
  1693 | D        | Reached skill level 25 in Stealth
  1701 | D        | Noticed a 12-headed hydra
  1717 | D        | Killed a 12-headed hydra
  1720 | D        | Paralysed by a floating eye for 4 turns
  1838 | D        | Reached skill level 26 in Stealth
  1838 | D        | Reached skill level 10 in Invocations
  1918 | D        | Bought the +1 robe of the Sun {rPois} for 219 gold pieces
  2021 | D        | Noticed a lorocyproca
  2023 | D        | Killed a lorocyproca
  2221 | D        | Noticed a daeva
  2230 | D        | Reached skill level 27 in Stealth
  2535 | D        | Bought a scarf of resistance for 416 gold pieces
  2648 | D        | Noticed a golden dragon
  2649 | D        | Noticed a shadow dragon
  2650 | D        | Killed a golden dragon
  2651 | D        | Reached skill level 15 in Hexes
  2652 | D        | Killed a shadow dragon
  2716 | D        | Found Qusezeis's General Store.
  2805 | D        | Noticed a deep elf annihilator
  2815 | D        | Reached XP level 12. HP: 46/58 MP: 7/28
  2835 | D        | Killed a deep elf annihilator
  3019 | D        | Reached skill level 1 in Ice Magic
  3256 | D        | Noticed a fire giant
  3257 | D        | Noticed a fire giant
  3257 | D        | Noticed a fire giant
  3257 | D        | Noticed a fire giant
  3258 | D        | Killed a fire giant
  3260 | D        | Killed a fire giant
  3261 | D        | Reached skill level 10 in Short Blades
  3262 | D        | Killed a fire giant
  3264 | D        | Killed a fire giant
  3285 | D        | Found the +4 dragonskin cloak
  3285 | D        | Noticed Tiamat
  3436 | D        | Bought a potion of haste for 140 gold pieces
  3490 | D        | Bought 2 potions of flight for 84 gold pieces
  3548 | D        | Paralysed by a floating eye for 3 turns
  3589 | D        | Found Mor Fotz's General Store.
  3589 | D        | Found Caisocza's Weapon Shop.
  3589 | D        | Found Gerolur's Jewellery Emporium.
  3589 | D        | Found Zoigis's Book Boutique.
  3595 | D        | Bought a scroll of blinking for 90 gold pieces
  3604 | D        | Bought a book of Misfortune for 396 gold pieces
  3610 | D        | Learned a level 5 spell: Yara's Violent Unravelling
  3618 | D        | Learned a level 7 spell: Enfeeble
  3633 | D        | Bought a ring of flight for 192 gold pieces
  3713 | D        | Noticed the 27-headed Lernaean hydra
  3720 | D        | Killed the 27-headed Lernaean hydra
  3721 | D        | Reached skill level 5 in Conjurations
  3761 | D        | Noticed a mummy priest
  3765 | D        | Reached skill level 15 in Spellcasting
  3771 | D        | Killed a mummy priest
  3942 | D        | Noticed a deep elf master archer
  3945 | D        | Killed a deep elf master archer
  3946 | D        | Reached skill level 15 in Invocations
  3946 | D        | Reached XP level 13. HP: 61/61 MP: 33/33
  3976 | D        | Identified the ring of Life {Drain Int+6 Dex+5}
  3981 | D        | Noticed Lom Lobon
  3982 | D        | Identified the ring of Brilliance {Fly Will++ MP-9 Str+9
                  | SInv}
  4996 | D        | Bought a scroll of enchant weapon for 90 gold pieces
  4996 | D        | Bought a scroll of identify for 24 gold pieces
  5004 | D        | Bought a throwing net for 42 gold pieces
  5065 | D        | Bought a runed dagger for 135 gold pieces
  5070 | D        | Bought a potion of haste for 140 gold pieces
  5070 | D        | Bought a potion of haste for 140 gold pieces
  5070 | D        | Bought a potion of haste for 140 gold pieces
  5070 | D        | Bought a potion of mutation for 112 gold pieces
  5072 | D        | Bought a potion of heal wounds for 70 gold pieces
  5072 | D        | Bought a potion of heal wounds for 70 gold pieces
  5221 | D        | Got the Orb of Zot
  5285 | D        | Escaped with the Orb!

Illustrated notes

Levels and vault maps discovered:
D:        dungeon_sprint_1 [red_sonja_temple_1, red_sonja_temple_small_1]

Skill      XL: |  1  2  3  4  5  6  7  8  9 10 11 12 |
---------------+-------------------------------------+-----
Dodging        | 3 4 5 7 8 9 10 11 | 11.9
Stealth        | 7 10 12 17 18 20 22 24 27 | 27.0
Spellcasting   | 3 4 6 7 8 9 10 11 15 | 15.7
Hexes          | 5 7 9 12 13 14 15 17 | 17.7
Short Blades   | 2 3 4 5 7 9 10 | 10.5
Evocations     | 2 3 4 5 6 7 |  7.3
Invocations    | 3 4 7 9 13 15 | 15.0
Fighting       | 1 2 3 4 |  4.2
Conjurations   | 1 2 5 |  5.5
Ice Magic      | 3 |  3.8

Action                   |  1- 3 |  4- 6 |  7- 9 | 10-12 | 13-15 || total
-------------------------+-------+-------+-------+-------+-------++-------
Melee: Dagger            |     3 |     4 |    22 |   152 |       ||   181
       Punch             |       |       |       |     1 |       ||     1
 Cast: Dazzling Flash    |       |       |     1 |    28 |       ||    29
       Confusing Touch   |       |       |       |     8 |       ||     8
       Ensorcelled Hiber |       |       |       |    17 |       ||    17
       Enfeeble          |       |       |       |     1 |       ||     1
Invok: Shadow Step       |       |       |     1 |     3 |       ||     4
       Shadow Form       |       |       |       |     1 |       ||     1
 Abil: End Transformatio |       |       |       |     1 |       ||     1
Evoke: Wand              |       |     5 |     4 |     4 |       ||    13
       Condenser vane    |       |       |       |     2 |       ||     2
  Use: Potion            |     1 |       |     2 |     8 |     1 ||    12
       Scroll            |       |       |       |     3 |     4 ||     7
 Stab: Sleeping          |     2 |     2 |     7 |    58 |       ||    69
       Invisible         |     1 |     1 |     1 |    13 |       ||    16
       Confused          |       |       |       |     6 |       ||     6
       Distracted        |       |       |       |     5 |       ||     5
Armor: Robe              |       |       |       |     2 |       ||     2
Dodge: Dodged            |     2 |     2 |    16 |   118 |       ||   138

Table legend: (Time is in decaauts)
 A = Elapsed time spent in this place.
 B = Non-inter-level travel time spent in this place.
 C = Inter-level travel time spent in this place.
 D = Time resting spent in this place.
 E = Time spent auto-exploring this place.
 F = Levels seen in this place.
 G = Mean time per level.
                   A        B        C        D        E       F      G
               +--------+--------+--------+--------+--------+-----+--------+
         Total |   4256 |   4165 |     91 |   2151 |     12 |   1 | 4256.0 |
       Dungeon |   4256 |   4165 |     91 |   2151 |     12 |   1 | 4256.0 |
               +--------+--------+--------+--------+--------+-----+--------+

Top non-repeatable levels by time:
       D: 4256 daAuts
